 Dungeon Crawl Stone Soup version 0.30.0-5-g1a98f26d00 (webtiles) character file.

Game seed: 2299800675619625203

50360 sasquatch the Slicer (level 14, 0/88 HPs)
             Began as a Kobold Brigand on May 8, 2023.
             Was a Follower of Uskayaw.
             Slain by a seven-headed hydra (8 damage)
             ... on level 5 of the Lair of Beasts on May 9, 2023.
             The game lasted 01:25:43 (22118 turns).

sasquatch the Slicer (Kobold Brigand)              Turns: 22118, Time: 01:25:44

Health: 0/88       AC: 13    Str:  9    XL:     14   Next: 97%
Magic:  3/20       EV: 27    Int: 13    God:    Uskayaw [*.....]
Gold:   1388       SH:  0    Dex: 20    Spells: 3/21 levels left

rFire   + . .        b - +4 dagger (venom)
rCold   + . .        (no shield)
rNeg    . . .        E - +0 robe {rC+ rF+}
rPois   .            r - +2 helmet {SInv}
rElec   .            c - +0 cloak
rCorr   .            X - +2 pair of gloves {Stlth+}
SInv    +            (no boots)
Will    +....        q - amulet of regeneration
Stlth   +++++++      M - +4 ring of protection
HPRegen 1.14/turn    H - +5 ring of evasion
MPRegen 0.17/turn

%: no passive effects
@: hasted, very quick
A: small, no large weapons, nightstalker 3
a: Renounce Religion, Stomp


You were on level 5 of the Lair of Beasts.
You worshipped Uskayaw.
Uskayaw was noncommittal.
You visited 2 branches of the dungeon, and saw 17 of its levels.
You also visited: Sewer, Bailey, Gauntlet and Ice Cave.

You collected 1418 gold pieces.
You spent 30 gold pieces at shops.

Inventory:

Hand Weapons
 a - a +4 heavy scimitar
 b - a +4 dagger of venom (weapon)
Missiles
 e - 14 curare-tipped darts (quivered)
 i - 2 throwing nets
 v - 13 atropa-tipped darts
 P - 3 datura-tipped darts
Armour
 c - a +0 cloak (worn)
 p - the +2 kite shield of Defiance {rElec}
   (You acquired it on level 2 of the Lair of Beasts)

   rElec:     It insulates you from electricity.
 r - a +2 helmet of see invisible (worn)
 x - a +1 robe of willpower
 E - a +0 robe of resistance (worn)
 X - a +2 pair of gloves of stealth (worn)
Jewellery
 q - an amulet of regeneration (around neck)
 H - a +5 ring of evasion (right hand)
 M - a +4 ring of protection (left hand)
 N - a ring of protection from fire
 Q - a ring of positive energy
 R - an amulet of reflection
 T - a ring of protection from cold
Wands
 n - a wand of flame (42)
 s - a wand of polymorph (12)
 F - a wand of iceblast (4)
 G - a wand of digging (9)
 L - a wand of mindburst (15)
 U - a wand of paralysis (11)
 Z - a wand of quicksilver (7)
Scrolls
 f - 3 scrolls of vulnerability
 g - 2 scrolls of poison
 h - 3 scrolls of magic mapping
 l - 5 scrolls of immolation
 t - 6 scrolls of fog
 u - 4 scrolls of enchant weapon
 y - 3 scrolls of enchant armour
 B - 2 scrolls of amnesia
 Y - a scroll of torment
Potions
 j - 5 potions of cancellation
 k - 6 potions of might
 m - 4 potions of brilliance
 w - 5 potions of attraction
 z - 4 potions of haste
 D - a potion of berserk rage
 J - a potion of resistance
 K - 4 potions of curing
 S - 5 potions of flight
 V - a potion of ambrosia {unknown}
 W - a potion of invisibility
Miscellaneous
 d - a condenser vane (inert)
 o - a lightning rod (3/4)
 I - a phantom mirror
 O - a box of beasts (inert)


   Skills:
 - Level 10.0 Fighting
 - Level 10.0(12.7) Short Blades
 + Level 8.3(9.3) Long Blades
 - Level 6.0 Throwing
 - Level 10.0 Dodging
 - Level 10.0 Stealth
 + Level 4.4 Spellcasting
 - Level 10.0 Hexes
 + Level 1.5 Translocations
 - Level 10.0 Ice Magic
 - Level 10.0 Evocations


You had 3 spell levels left.
You knew the following spells:

 Your Spells              Type           Power      Damage    Failure   Level
a - Ensorcelled Hibernat  Hex/Ice        56%        N/A       1%          2
b - Frozen Ramparts       Ice            56%        1d9       1%          3
c - Tukima's Dance        Hex            28%        N/A       1%          3
d - Cause Fear            Hex            14%        N/A       3%          4
e - Ozocubu's Armour      Ice            28%        N/A       1%          3
f - Portal Projectile     Hex/Tloc       34%        N/A       5%          3

Your spell library contained the following spells:

 Spells                   Type           Power      Damage    Failure   Level
 Slow                     Hex            100%       N/A       1%          1
 Apportation              Tloc           12%        N/A       11%         1
 Lesser Beckoning         Tloc           12%        N/A       16%         2
 Necrotise                Necr           8%         1d4       21%         1
 Summon Small Mammal      Summ           8%         N/A       21%         1
 Gell's Gravitas          Tloc           6%         N/A       32%         3
 Teleport Other           Tloc           6%         N/A       32%         3
 Spider Form              Tmut/Pois      2%         N/A       52%         3
 Anguish                  Hex/Necr       7%         N/A       26%         4
 Ice Form                 Ice/Tmut       15%        N/A       26%         4
 Leda's Liquefaction      Hex/Erth       7%         N/A       26%         4
 Summon Ice Beast         Ice/Summ       15%        N/A       26%         4
 Ozocubu's Refrigeration  Ice            14%        4d10      95%         7
 Simulacrum               Ice/Necr       7%         N/A       98%         6
 Blade Hands              Tmut           1%         N/A       99%         5
 Irradiate                Conj/Tmut      1%         3d12      99%         5
 Dragon Form              Tmut           1%         N/A       100%        7
 Dragon's Call            Summ           1%         N/A       100%        9
 Polar Vortex             Ice            14%        N/A       100%        9


Dungeon Overview and Level Annotations

Branches:
Dungeon (12/15)            Temple (0/1) D:7            Lair (5/5) D:11
 Spider (0/4) Lair:3        Slime (0/5) Lair:4          Orc (0/2) D:10
  Sewer (visited)          Bailey (visited)           IceCv (visited)
Gauntlet (visited)
  Swamp: Lair:2-3    Shoals: Lair:2-3

Altars:
Cheibriados
Dithmenos
Fedhas
Gozag
Makhleb
Okawaru
Qazlal
Ru
Uskayaw
Xom
Yredelemnul
Zin
Jiyva

Shops:
D:1 ?

Annotations:
Lair:3 exclusion: 2 bog bodies
Lair:4 exclusion: 4 oklob plants


Innate Abilities, Weirdness & Mutations

You are small and have problems with some larger weapons.
You are completely attuned to the shadows.


Message History

The wolf barely misses your mature oxsting beast.
The wolf is engulfed in freezing vapours.
You kill the wolf!
The wolf is engulfed in freezing vapours.
The wolf closely misses you.
Your mature oxsting beast hits the wolf!
Your mature oxsting beast closely misses the wolf.
Your mature oxsting beast stings the wolf.
Unknown command.
You stomp with the beat, sending a shockwave through the revellers around you!
The seven-headed hydra is heavily wounded.
The wolf is almost dead.
You can no longer stomp with the beat.
The wolf bites your mature oxsting beast but does no damage.
The wolf is engulfed in freezing vapours.
You kill the wolf!
The seven-headed hydra bites you! The seven-headed hydra misses you.
The seven-headed hydra completely misses you.
The seven-headed hydra bites you.
* * * LOW HITPOINT WARNING * * *
The seven-headed hydra bites you.
* * * LOW HITPOINT WARNING * * *
The seven-headed hydra completely misses you.
The seven-headed hydra bites you.
* * * LOW HITPOINT WARNING * * *
The wolf bites your mature oxsting beast but does no damage.
Your mature oxsting beast hits the wolf!
The wolf dies!
You can now stomp with the beat.
Unknown command.
You feel yourself speed up.
A basilisk comes into view.
The seven-headed hydra misses you. The seven-headed hydra bites you!
* * * LOW HITPOINT WARNING * * *
The seven-headed hydra barely misses you.
The seven-headed hydra closely misses you.
The seven-headed hydra completely misses you.
The seven-headed hydra bites you but does no damage.
The seven-headed hydra bites you!
You die...

*,,,* *,***##[...#.....#....
*,,,****,,,,#..§.##..†..#....
**,,,,,,,,,*#....#..†........
*,,,,,,,,,*##...............
**,*,,,,,***#......#.........
*,,*,,*,,,* #§§.§†##..†##....
*,,*****.#**#†§.§†.#.#.###...
**,,**,,...##§H§..########...
**,,,,,,,....@D§§.##*#....#...
*,,,,,,,,.....§.....,........<
**,,,,,,,...........,.......<.
**,,,,,,..........,,.........
*,,,,,,,.....l...,,,[........
**,,,,*,,*,,,,,,,*#.,P.#.#...
*,,,***,,**,,,,,**#.##*##†...
**,***,,,***,,,,.##..#####...
*,*,,,,,,**............##...


You could see a seven-headed hydra (ally target), a basilisk and a friendly
mature oxsting beast (summoned).

Vanquished Creatures
  Gastronok (D:12)
  A minotaur (Gauntlet)
  2 hydras
  2 boulder beetles
  A tengu warrior (Gauntlet)
  3 death yaks (Lair:1)
  3 two-headed ogres
  Nergalle (Lair:3)
  A skyshark (Lair:4)
  A manticore (D:8)
  17 elephants
  An ugly thing (D:11)
  The ghost of hogiebunz the Cleaver, a novice MiFi of Qazlal (D:6)
  4 molten gargoyles (D:9)
  6 cane toads
  4 black mambas
  2 torpor snails
  A freezing wraith (D:7)
  An ice statue (IceCv)
  A kobold demonologist (D:11)
  2 unseen horrors
  2 ice devils (IceCv)
  2 rime drakes
  2 tengu conjurers (Gauntlet)
  7 komodo dragons
  3 trolls
  A queen bee (Gauntlet)
  A hornet (D:10)
  15 blink frogs
  10 dream sheep
  3 slime creatures (D:12)
  2 wraiths
  A jumping spider (Lair:3)
  2 shadows (D:10)
  3 wyverns
  A ynoxinul (Gauntlet)
  A spriggan (D:11)
  Grum (D:10)
  A basilisk (Lair:1)
  36 yaks
  A neqoxec (Gauntlet)
  2 steam dragons
  3 chaos spawn (Gauntlet)
  4 vampire mosquitoes (D:11)
  2 acid dragons
  11 water moccasins
  Duvessa (D:7)
  6 orc warriors
  2 ice beasts
  2 sky beasts
  2 black bears
  An ogre (D:6)
  3 centaurs
  23 wolves
  3 phantoms
  18 kobold brigands
  11 bullfrogs
  2 scorpions
  A cane toad simulacrum (IceCv)
  A two-headed ogre simulacrum (IceCv)
  6 wights
  Dowan (D:7)
  4 troll zombies (D:10)
  An elephant simulacrum (IceCv)
  18 killer bees
  5 electric eels (D:10)
  3 howler monkeys
  2 hounds
  6 orc priests
  2 sleepcaps (D:7)
  A gnoll bouda (D:3)
  7 iron imps
  2 jellies
  Jessica (D:3)
  7 iguanas
  5 orc wizards
  4 ogre zombies (D:10)
  8 adders
  20 gnolls
  3 river rats (Sewer)
  2 shadow imps
  5 white imps
  An ufetubus (D:7)
  8 worms
  3 dart slugs
  24 orcs
  14 endoplasms
  2 giant cockroaches
  8 goblins
  5 hobgoblins
  4 jackals
  4 quokkas
  12 ball pythons
  6 bats
  3 frilled lizards
  A goblin skeleton (D:10)
  3 goblin zombies (D:10)
  5 hobgoblin zombies (D:10)
  37 kobolds
  3 orc skeletons (D:10)
  12 orc zombies (D:10)
  7 rats
  A butterfly (Lair:4)
525 creatures vanquished.

Vanquished Creatures (collateral kills)
  2 wolves (Lair:5)
2 creatures vanquished.

Vanquished Creatures (others)
  A killer bee (D:9)
  An orc wizard (D:10)
  A kobold (D:11)
3 creatures vanquished.

Grand Total: 530 creatures vanquished

Notes
Turn   | Place    | Note
-------+----------+-------------------------------------------
     0 | D:1      | sasquatch the Kobold Brigand began the quest for the Orb.
     0 | D:1      | Reached XP level 1. HP: 12/12 MP: 1/1
    92 | D:1      | Reached XP level 2. HP: 17/17 MP: 2/2
   475 | D:1      | Reached XP level 3. HP: 21/21 MP: 3/3
   676 | D:1      | Found Kuustut's Magic Scroll Boutique.
   682 | D:1      | Bought a scroll of teleportation for 30 gold pieces
   806 | D:2      | Found a glowing silver altar of Zin.
   889 | D:2      | Reached skill level 5 in Short Blades
  1056 | D:2      | Reached XP level 4. HP: 21/26 MP: 4/4
  2106 | D:2      | Reached XP level 5. HP: 29/30 MP: 5/5
  2791 | D:3      | Found a hide-covered altar of Uskayaw.
  2796 | D:3      | Became a worshipper of Uskayaw the Reveller
  2908 | D:3      | Reached * piety under Uskayaw
  3351 | D:3      | Noticed Jessica
  3355 | D:3      | Killed Jessica
  3356 | D:3      | Reached XP level 6. HP: 35/35 MP: 6/6
  3452 | D:3      | Reached ** piety under Uskayaw
  3824 | D:3      | Found a burning altar of Makhleb.
  3837 | D:3      | Reached *** piety under Uskayaw
  3841 | D:3      | Reached **** piety under Uskayaw
  4215 | D:4      | Reached XP level 7. HP: 38/40 MP: 7/7
  4890 | D:5      | Entered Level 5 of the Dungeon
  4891 | D:5      | Found a blossoming altar of Fedhas.
  4952 | D:5      | Found a glowing drain.
  4957 | Sewer    | Entered a sewer
  5256 | Sewer    | Reached skill level 10 in Short Blades
  5473 | Sewer    | Reached XP level 8. HP: 34/48 MP: 8/8
  5955 | D:5      | Reached skill level 5 in Fighting
  5990 | D:5      | Reached skill level 5 in Dodging
  6662 | D:6      | Found a transporter.
  6687 | D:6      | Reached XP level 9. HP: 55/55 MP: 9/9
  6746 | D:6      | Found an iron altar of Okawaru.
  6877 | D:6      | Found a transporter.
  6945 | D:6      | Noticed hogiebunz's ghost (novice MiFi)
  7082 | D:6      | Reached skill level 10 in Stealth
  7281 | D:6      | Found a snail-covered altar of Cheibriados.
  7413 | D:6      | Found a basalt altar of Yredelemnul.
  7413 | D:6      | Found a sacrificial altar of Ru.
  7434 | D:6      | Found a glowing silver altar of Zin.
  7607 | D:6      | Found an opulent altar of Gozag.
  7738 | D:7      | Noticed Duvessa
  7740 | D:7      | Noticed Dowan
  7742 | D:7      | Killed Duvessa
  7743 | D:7      | Found a staircase to the Ecumenical Temple.
  7770 | D:7      | Killed Dowan
  8147 | D:7      | Reached XP level 10. HP: 62/63 MP: 10/10
  8151 | D:7      | Found a shimmering altar of Xom.
  8155 | D:7      | Found a shadowy altar of Dithmenos.
  8192 | D:7      | Found a stormy altar of Qazlal.
  8344 | D:7      | Learned a level 2 spell: Ensorcelled Hibernation
  8470 | D:7      | Reached skill level 1 in Hexes
  8475 | D:7      | Reached skill level 1 in Spellcasting
  8475 | D:7      | Reached skill level 1 in Ice Magic
  8677 | D:7      | Noticed a freezing wraith
  8678 | D:7      | Killed a freezing wraith
  9142 | D:8      | Noticed a manticore
  9150 | D:8      | Killed a manticore
  9818 | D:9      | Noticed a molten gargoyle
  9822 | D:9      | Killed a molten gargoyle
  9823 | D:9      | Reached XP level 11. HP: 68/68 MP: 15/17
  9842 | D:9      | Reached skill level 5 in Hexes
  9863 | D:9      | Reached skill level 5 in Ice Magic
 10188 | D:9      | Reached skill level 1 in Evocations
 11378 | D:6      | Killed hogiebunz's ghost
 11379 | D:6      | Reached skill level 5 in Evocations
 11602 | D:10     | Entered Level 10 of the Dungeon
 11609 | D:10     | Found a flagged portal.
 11688 | Bailey   | Entered a bailey
 11914 | Bailey   | Found a bloodstained altar of Trog.
 12344 | D:10     | Noticed a boulder beetle
 12377 | D:10     | Killed a boulder beetle
 12378 | D:10     | Reached skill level 5 in Throwing
 12383 | D:10     | Reached XP level 12. HP: 46/73 MP: 9/18
 12513 | D:10     | Noticed a two-headed ogre
 12524 | D:10     | Killed a two-headed ogre
 12752 | D:10     | Reached ***** piety under Uskayaw
 13002 | D:10     | Found a staircase to the Orcish Mines.
 13068 | D:10     | Reached skill level 10 in Evocations
 13336 | D:10     | Noticed Grum
 13364 | D:10     | Killed Grum
 13617 | D:10     | Noticed a two-headed ogre
 13621 | D:10     | Killed a two-headed ogre
 13935 | D:11     | Noticed a two-headed ogre
 13939 | D:11     | Killed a two-headed ogre
 14164 | D:11     | Found a staircase to the Lair.
 14441 | D:11     | Reached skill level 10 in Dodging
 14737 | D:11     | Learned a level 3 spell: Frozen Ramparts
 14876 | D:11     | Reached skill level 10 in Fighting
 14983 | D:11     | Reached XP level 13. HP: 82/82 MP: 19/19
 15138 | D:12     | Noticed Gastronok
 15154 | D:12     | Killed Gastronok
 15185 | D:12     | Found a frozen archway.
 15190 | IceCv    | Entered an ice cave
 15825 | Lair:1   | Entered Level 1 of the Lair of Beasts
 16008 | Lair:1   | Reached skill level 10 in Ice Magic
 17101 | Lair:1   | Reached skill level 1 in Long Blades
 18025 | Lair:2   | Identified a scroll of acquirement
 18025 | Lair:2   | Acquired the +2 kite shield of Defiance {rElec}
 18722 | Lair:3   | Reached XP level 14. HP: 88/88 MP: 20/20
 18776 | Lair:3   | Learned a level 3 spell: Tukima's Dance
 18781 | Lair:3   | Learned a level 4 spell: Cause Fear
 19064 | Lair:3   | Noticed Nergalle
 19123 | Lair:3   | Killed Nergalle
 19148 | Lair:3   | Found a hole to the Spider Nest.
 20034 | Lair:4   | Reached skill level 5 in Long Blades
 20051 | Lair:4   | Reached skill level 10 in Hexes
 20886 | Lair:4   | Found a viscous altar of Jiyva.
 20888 | Lair:4   | Found a staircase to the Slime Pits.
 21145 | Lair:5   | Entered Level 5 of the Lair of Beasts
 21244 | Lair:5   | Found a gate leading to a gauntlet.
 21250 | Gauntlet | Entered a Gauntlet
 21278 | Gauntlet | Found a transporter.
 21284 | Gauntlet | Found a transporter.
 21310 | Gauntlet | Found a transporter.
 21320 | Gauntlet | Found a large runed translucent door.
 21321 | Gauntlet | Found a large runed translucent door.
 21322 | Gauntlet | Found a large runed translucent door.
 21322 | Gauntlet | Found a large runed translucent door.
 21323 | Gauntlet | Found a large runed translucent door.
 21324 | Gauntlet | Found a large runed translucent door.
 21325 | Gauntlet | Found a large runed translucent door.
 21325 | Gauntlet | Found a large runed translucent door.
 21335 | Gauntlet | Found a runed translucent gate.
 21336 | Gauntlet | Found a transporter.
 21336 | Gauntlet | Found a runed translucent gate.
 21337 | Gauntlet | Found a runed translucent gate.
 21347 | Gauntlet | Found a large runed translucent door.
 21347 | Gauntlet | Found a large runed translucent door.
 21350 | Gauntlet | Found a transporter.
 21374 | Gauntlet | Found a transporter.
 21386 | Gauntlet | Found a transporter.
 21390 | Gauntlet | Found a large runed translucent door.
 21391 | Gauntlet | Found a transporter.
 21391 | Gauntlet | Found a large runed translucent door.
 21407 | Gauntlet | Found a large runed translucent door.
 21407 | Gauntlet | Found a large runed translucent door.
 21407 | Gauntlet | Found a runed translucent door.
 21407 | Gauntlet | Found a runed translucent door.
 21410 | Gauntlet | Found a large runed translucent door.
 21411 | Gauntlet | Found a transporter.
 21411 | Gauntlet | Found a large runed translucent door.
 21668 | Gauntlet | Identified the amulet of the Enfolding Gods {RegenMP rC-
                  | rN+ Str+5}
 21795 | Gauntlet | Learned a level 3 spell: Ozocubu's Armour
 21799 | Gauntlet | Learned a level 3 spell: Portal Projectile
 21843 | Gauntlet | Identified the +3 dagger of the Gnashing Fool {protect,
                  | rPois rF+ Will-}
 21843 | Gauntlet | Noticed a minotaur
 21850 | Gauntlet | Killed a minotaur
 21858 | Gauntlet | Identified the ring "Zupneu" {Drain Fly Str+6 Int+6}
 21870 | Gauntlet | Got the Opusculum on Enchantment
 21974 | Lair:5   | Reached skill level 1 in Translocations
 22118 | Lair:5   | Slain by a seven-headed hydra

Illustrated notes

Levels and vault maps discovered:
D:1:      dpeg_arrival_solitude, layout_loops_ring, serial_shops,
          nicolae_lakefront_shop, grunt_decor_cap
D:2:      layout_loops_corners, basic_altar, grunt_ministairs_8
D:3:      layout_basic, demons_altar, mainiacjoe_overflow_small_starburst,
          kennysheep_generic_room_13, uniq_jessica
D:4:      layout_rooms
D:5:      layout_cave_pools, fedhas_altar_1, portal_sewer_entry_e
D:6:      layout_basic, pdpol_temple_overflow_zin_treasury_gozag_greed,
          okawaru_gym_becter, cheibrodos_worm_habitat,
          gammafunk_temple_overflow_elements, gammafunk_ghost_arena
D:7:      nzn_winding_woodlands_medium [nzn_winding_woodlands_5x5_checkerboard,
          nzn_winding_woodlands_5x15_parted, nzn_winding_woodlands_5x5_default,
          nzn_winding_woodlands_5x5_open_star,
          nzn_winding_woodlands_center_diamonds,
          nzn_winding_woodlands_5x5_three, nzn_winding_woodlands_hourglass,
          nzn_winding_woodlands_5x15_pockets,
          nzn_winding_woodlands_5x5_closed_star], layout_basic,
          nicolae_qazlal_scattered_showers, jmf_multi_god_temple,
          minmay_temple_entry_grid, uniq_duvessa
D:8:      layout_loops_ring, blue_anna_alchemist
D:9:      layout_loops_corners, minivault_8
D:10:     cheibrodos_barr_body, layout_basic, zombieorc2_lemuel, enter_bailey_5,
          uniq_grum
D:11:     layout_irregular_city, lair_entry_dummy, the_hattery
D:12:     kennysheep_big_flooded_room, layout_rooms,
          portal_ice_cave_entry_pillars_1, amcnicky_mini_corridor_feature,
          hex_tiny, uniq_gastronok
Lair:1:   layout_small_grid
Lair:2:   layout_cave_pods, serial_bayou_shore_a
Lair:3:   layout_long_grid, nicolae_swamp_entry_splash_gauntlet,
          spider_nest_entry_a, serial_bayou_shore_b, uniq_nergalle
Lair:4:   layout_cave_pods, minmay_slime_entry_oklob_enclosed,
          lemuel_fruit_fields
Lair:5:   hellmonk_lair_end_abyssal_woods, layout_regular_city,
          gauntlet_entry_generic, grunt_megastairs_2

Skill      XL: |  1  2  3  4  5  6  7  8  9 10 11 12 13 14 |
---------------+-------------------------------------------+-----
Short Blades   | 3 4 5 6 7 9 10 | 10.0
Fighting       | 3 6 7 8 10 | 10.0
Dodging        | 3 6 7 8 10 | 10.0
Stealth        | 6 10 | 10.0
Hexes          | 4 6 8 10 | 10.0
Spellcasting   | 4 |  4.4
Ice Magic      | 4 6 10 | 10.0
Evocations     | 7 10 | 10.0
Throwing       | 5 6 |  6.0
Long Blades    | 3 8 |  8.3
Translocations | 1 |  1.5

Action                     |  1- 3 |  4- 6 |  7- 9 | 10-12 | 13-15 || total
---------------------------+-------+-------+-------+-------+-------++-------
  Melee: Dagger            |    54 |   183 |   392 |   904 |   694 ||  2227
         Punch             |     1 |     2 |     9 |    11 |    13 ||    36
         Club              |       |    15 |       |       |       ||    15
         Scimitar          |       |       |       |    49 |   120 ||   169
  Throw: Dart              |    11 |    20 |   110 |    48 |     9 ||   198
         Throwing net      |       |     1 |     1 |     2 |       ||     4
   Cast: Ensorcelled Hiber |       |       |       |    33 |    38 ||    71
 Invoke: Line Pass         |       |       |     1 |    28 |    18 ||    47
         Stomp             |       |       |     1 |       |     2 ||     3
  Evoke: Wand              |       |       |       |    13 |     3 ||    16
         Box of beasts     |       |       |       |       |     1 ||     1
         Lightning rod     |       |       |       |       |     1 ||     1
         Condenser vane    |       |       |       |       |     1 ||     1
    Use: Scroll            |       |     1 |     3 |    12 |    21 ||    37
         Potion            |       |       |       |     2 |     6 ||     8
   Stab: Sleeping          |    20 |    14 |    28 |    55 |    46 ||   163
         Distracted        |     2 |     3 |     4 |    11 |     4 ||    24
         Paralysed         |       |     1 |     3 |    19 |    22 ||    45
         Confused          |       |       |     1 |    13 |     8 ||    22
         Held in net/web   |       |       |     1 |     1 |       ||     2
         Invisible         |       |       |       |       |     2 ||     2
 Armour: Robe              |     5 |    14 |    11 |   101 |   136 ||   267
         Ring mail         |       |    22 |    38 |       |       ||    60
         Skin              |       |       |       |    60 |       ||    60
  Dodge: Dodged            |    21 |   104 |   211 |   677 |   908 ||  1921
